 Dungeon Crawl Stone Soup version 0.29-a0-330-g52719c12eb (webtiles) character file.

Game seed: 2853084350985087036

3192 Gwenloh the Fighter (level 9, -10/82 HPs)
             Began as a Minotaur Fighter on Apr 28, 2022.
             Was a Believer of Uskayaw.
             Mangled by a two-headed ogre
             ... wielding a +0 giant spiked club
              (22 damage)
             ... on level 8 of the Dungeon.
             The game lasted 00:13:56 (7878 turns).

Gwenloh the Fighter (Minotaur Fighter)              Turns: 7878, Time: 00:13:56

Health: -10/82     AC: 13    Str: 20    XL:     9   Next: 64%
Magic:  8/11       EV:  9    Int:  7    God:    Uskayaw [**....]
Gold:   1505       SH:  6    Dex: 16    Spells: 8/8 levels left

rFire   . . .      SeeInvis .   a - +8 hand axe of the Endless Geomancers {elec, *Corrode Dex+3 Stlth+}
rCold   . . .      Faith    .   c - +0 buckler
rNeg    + . .      Spirit   .   r - +1 scale mail {rPois}
rPois   +          Reflect  .   (helmet restricted)
rElec   .          Harm     .   G - +0 cloak
rCorr   .          Rampage  .   t - +2 pair of gloves {Stlth+}
Will    .....                   o - +2 pair of boots
Stlth   ++........              k - amulet of magic regeneration
HPRegen 0.23/turn               m - ring of flight
MPRegen 0.52/turn               y - ring of positive energy

@: corroded, flying
A: horns 2, retaliatory headbutt
a: Renounce Religion, Stomp, Line Pass


You were on level 8 of the Dungeon.
You worshipped Uskayaw.
Uskayaw was noncommittal.
You visited 2 branches of the dungeon, and saw 9 of its levels.

You collected 1505 gold pieces.

Inventory:

Hand Weapons
 a - the +8 hand axe of the Endless Geomancers (weapon) {elec, *Corrode Dex+3 Stlth+}
   (You found it on level 3 of the Dungeon)

   It occasionally discharges a powerful burst of electricity upon striking a
   foe.
   Dex:       It affects your dexterity (+3).
   *Corrode:  It may corrode you when you take damage.
   Stlth:     It makes you more stealthy.
 b - a +0 hunting sling
 s - a +0 rapier
Armour
 c - a +0 buckler (worn)
 o - a +2 pair of boots (worn)
 r - a +1 scale mail of poison resistance (worn)
 t - a +2 pair of gloves of stealth (worn)
 G - a +0 cloak (worn)
Jewellery
 i - an amulet of guardian spirit
 k - an amulet of magic regeneration (around neck)
 m - a ring of flight (left hand)
 y - a ring of positive energy (right hand)
 D - a ring of protection from fire
 H - an amulet of faith
Wands
 g - a wand of paralysis (8)
 B - a wand of iceblast (11)
Scrolls
 e - a scroll of amnesia
 l - 2 scrolls of enchant weapon
 p - a scroll of enchant armour
 v - a scroll of holy word
 C - 2 scrolls of blinking
 E - 2 scrolls of teleportation
 F - a scroll of summoning
Potions
 d - 2 potions of might
 f - 11 potions of curing
 h - 2 potions of degeneration {unknown}
 j - a potion of ambrosia {unknown}
 n - a potion of magic {unknown}
 q - 2 potions of mutation {unknown}
 u - a potion of berserk rage {unknown}
 w - 2 potions of lignification {unknown}
 x - 2 potions of heal wounds {unknown}
 z - a potion of brilliance {unknown}
 A - a potion of invisibility {unknown}
 I - a potion of flight {unknown}


   Skills:
 + Level 8.6 Fighting
 + Level 7.3 Short Blades
 + Level 8.5 Armour
 + Level 8.6 Shields
 + Level 4.1 Invocations


You had 8 spell levels left.
You didn't know any spells.
Your spell library contained the following spells:

 Spells                   Type           Power      Damage    Failure   Level
 Corpse Rot               Necr/Air       0%         N/A       91%         2
 Poisonous Vapours        Pois/Air       0%         N/A       91%         2
 Static Discharge         Conj/Air       0%         N/A       91%         2
 Conjure Flame            Conj/Fire      0%         6-21      99%         3
 Dazzling Flash           Conj/Hex       0%         N/A       99%         3
 Ignite Poison            Fire/Tmut/Pois 0%         N/A       99%         3
 Dispel Undead            Necr           0%         3d6       100%        4
 Iskenderun's Mystic Bla  Conj/Tloc      0%         2d3       100%        4
 Sticky Flame             Conj/Fire      0%         2d3       100%        4
 Starburst                Conj/Fire      0%         6d3       100%        6


Dungeon Overview and Level Annotations

Branches:
Dungeon (8/15)             Temple (1/1) D:5
   Lair: D:8-11

Altars:
Ashenzari
Cheibriados
Dithmenos
Elyvilon
Fedhas
Gozag
Hepliaklqana
Kikubaaqudgha
Makhleb
Nemelex Xobeh
Okawaru
Qazlal
Ru
Sif Muna
Trog
Uskayaw
Vehumet
Wu Jian
Xom
Yredelemnul
Zin
The Shining One


Innate Abilities, Weirdness & Mutations

You have a pair of horns on your head.
You reflexively headbutt those who attack you in melee.


Message History

You kill the water moccasin!
You feel sick. The acid dragon misses you.
The acid dragon claws you but does no damage.
You can now pass through a line of other dancers.
Your Invocations skill increases to level 4!
You slash the acid dragon!
Lightning courses through the acid dragon!
The acid dragon is severely wounded.
You feel sick. The acid dragon spits acid at you. The splash of acid hits you!!
Uskayaw will force your foes to helplessly watch your dance.
Uskayaw prepares the audience for your solo!
The helpless acid dragon fails to defend itself.
You hit the acid dragon.
You headbutt the acid dragon, but do no damage.
The acid dragon is almost dead.
You feel sick.
The two-headed ogre is no longer paralysed.
The helpless acid dragon fails to defend itself.
You hit the acid dragon but do no damage.
The acid dragon is almost dead.
You feel sick.
You are no longer poisoned.
The acid dragon is no longer paralysed.
The acid dragon spits acid at you. The splash of acid hits you!
* * * LOW HITPOINT WARNING * * *
The acid corrodes you! You block the acid dragon's attack.
The acid dragon barely misses you.
You hit the acid dragon.
Lightning courses through the acid dragon!
You kill the acid dragon!
Aiming: Line Pass
Press: ? - help, Dir - move target The two-headed ogre appears confused.
The two-headed ogre asks, "Where am I?"
The two-headed ogre seems less confused.
The two-headed ogre hits you with a +0 giant spiked club!!
You die...

#.# #.#.# #...
#.# #.#.# ####
#.# #...# # #.#
####..###### #
#####
#^.......... #
### .....
#.##..###### #
..# §..§§.
#.##..# # #.#
§§.≈≈§###.....#
# #.#
.?.§§.'.#@###.##
#.# §[....'.O.#
#..# #.##
≈..§≈.###†# ##)#
)).# ≈§.§≈ #[#
#)# )#.# ....
#.# #)#
.).####### #.#
#.# #)).......
...####.####...
#.)......#
#............#
##.#######
######.####.##


You could see a two-headed ogre.

Vanquished Creatures
  Psyche (D:8)
  A wyvern (D:8)
  A vampire (D:5)
  Menkaure (D:6)
  A steam dragon (D:6)
  2 water moccasins
  An acid dragon (D:8)
  An orc warrior (D:8)
  A sky beast (D:5)
  2 ice beasts
  An ogre (D:4)
  A centaur (D:5)
  2 kobold brigands
  A gnoll sergeant (D:8)
  A bullfrog (D:7)
  3 necrophages
  3 scorpions
  3 wights (D:6)
  4 hounds
  5 orc priests
  A gnoll shaman (D:7)
  5 iguanas
  3 orc wizards
  8 gnolls
  7 adders
  2 shadow imps (D:5)
  24 orcs
  8 ball pythons
  3 endoplasms
  3 giant cockroaches
  5 goblins
  6 hobgoblins
  12 jackals
  17 kobolds
  3 quokkas
  7 bats
  2 frilled lizards
  6 rats
158 creatures vanquished.

Notes
Turn   | Place    | Note
-------+----------+-------------------------------------------
     0 | D:1      | Gwenloh the Minotaur Fighter began the quest for the Orb.
     0 | D:1      | Reached XP level 1. HP: 19/19 MP: 0/0
   214 | D:1      | Found a faded altar of an unknown god.
   358 | D:1      | Reached XP level 2. HP: 27/27 MP: 1/1
   621 | D:1      | Reached XP level 3. HP: 32/33 MP: 2/2
  1360 | D:2      | Found an opulent altar of Gozag.
  2284 | D:3      | Identified the +8 hand axe of the Endless Geomancers {elec,
                  | *Corrode Dex+3 Stlth+}
  2455 | D:3      | Reached XP level 4. HP: 40/40 MP: 3/3
  3244 | D:4      | Noticed an ogre
  3254 | D:4      | Killed an ogre
  3255 | D:4      | Reached skill level 5 in Fighting
  3255 | D:4      | Reached skill level 5 in Armour
  3255 | D:4      | Reached XP level 5. HP: 18/48 MP: 1/4
  3469 | D:4      | Reached skill level 5 in Shields
  3471 | D:4      | Reached XP level 6. HP: 54/56 MP: 5/5
  4046 | D:5      | Entered Level 5 of the Dungeon
  4052 | D:5      | Noticed a vampire
  4221 | D:5      | Killed a vampire
  4222 | D:5      | Reached XP level 7. HP: 62/62 MP: 4/6
  4241 | D:5      | Found a staircase to the Ecumenical Temple.
  4250 | Temple   | Entered the Ecumenical Temple
  4361 | Temple   | Became a worshipper of Uskayaw the Reveller
  4635 | D:5      | Reached * piety under Uskayaw
  4647 | D:5      | Reached ** piety under Uskayaw
  4991 | D:5      | Reached skill level 5 in Short Blades
  4995 | D:5      | Identified a scroll of acquirement
  4997 | D:5      | Acquired 995 gold pieces
  5204 | D:6      | Reached *** piety under Uskayaw
  5206 | D:6      | Reached XP level 8. HP: 60/71 MP: 7/7
  5342 | D:6      | Reached skill level 1 in Invocations
  5643 | D:6      | Noticed Menkaure
  5648 | D:6      | Killed Menkaure
  5685 | D:6      | Reached **** piety under Uskayaw
  6148 | D:7      | Found a sparkling altar of Nemelex Xobeh.
  6334 | D:7      | Reached XP level 9. HP: 74/80 MP: 1/10
  7143 | D:8      | Noticed Psyche
  7156 | D:8      | Killed Psyche
  7859 | D:8      | Noticed a two-headed ogre
  7878 | D:8      | Mangled by a two-headed ogre

Illustrated notes

Levels and vault maps discovered:
D:1:      ncdulo_smallfort, layout_loops_corners,
          hellmonk_ecumenical_altar_lost_god, serial_aquarium,
          aquarium_bridge_straight [aquarium_subvault_bridge,
          aquarium_subvault_wall, aquarium_subvault_bridge,
          aquarium_subvault_window], aquarium_window_fake, aquarium_window_2,
          aquarium_view_2d, aquarium_balcony_1b, aquarium_pool_2
D:2:      layout_loops_corners, basic_altar, eino_tiny_chamber, minmay_tripent
D:3:      layout_basic, chequers_serial_rivers_room_b, nrook_campfire
D:4:      layout_gridville
D:5:      layout_loops_ring, minmay_temple_entry_mist
D:6:      layout_gridville, uniq_menkaure
D:7:      layout_gridville, nemelex_xobeh_ov_fountains_minmay,
          nicolae_elevator_lobby_asterisk
D:8:      layout_loops_ring, kennysheep_generic_room_5, uniq_psyche
Temple:   mainiacjoe_temple_circle_huts

Skill      XL: |  1  2  3  4  5  6  7  8  9 |
---------------+----------------------------+-----
Fighting       | 4 5 6 7 8 |  8.6
Armour         | 4 5 6 7 8 |  8.5
Shields        | 4 5 6 7 8 |  8.6
Short Blades   | 3 4 5 6 7 |  7.3
Invocations    | 2 4 |  4.1

Action                   |  1- 3 |  4- 6 |  7- 9 || total
-------------------------+-------+-------+-------++-------
Melee: Rapier            |    69 |       |       ||    69
       Headbutt          |    11 |     7 |    34 ||    52
       Hand axe          |     5 |    62 |   147 ||   214
 Fire: Hunting sling     |    85 |    20 |    11 ||   116
Invok: Stomp             |       |       |     7 ||     7
       Line Pass         |       |       |     2 ||     2
  Use: Potion            |       |     2 |       ||     2
       Scroll            |       |       |     9 ||     9
 Stab: Sleeping          |       |     4 |     6 ||    10
       Paralysed         |       |       |     6 ||     6
Armor: Scale mail        |    20 |    43 |    88 ||   151
       Chain mail        |    35 |       |       ||    35
Dodge: Dodged            |    52 |    27 |    72 ||   151
Block: Buckler           |    30 |    12 |    54 ||    96

Table legend: (Time is in decaauts)
 A = Elapsed time spent in this place.
 B = Non-inter-level travel time spent in this place.
 C = Inter-level travel time spent in this place.
 D = Time resting spent in this place.
 E = Time spent auto-exploring this place.
 F = Levels seen in this place.
 G = Mean time per level.
                   A        B        C        D        E       F      G
               +--------+--------+--------+--------+--------+-----+--------+
         Total |   8009 |   7723 |    286 |    183 |   6236 |   9 |  889.9 |
       Dungeon |   7696 |   7431 |    265 |    183 |   5973 |   8 |  962.0 |
        Temple |    312 |    291 |     21 |      0 |    263 |   1 |  312.0 |
               +--------+--------+--------+--------+--------+-----+--------+

Top non-repeatable levels by time:
     D:1: 1140 daAuts
     D:4: 1108 daAuts
     D:3: 972 daAuts
     D:6: 949 daAuts
     D:2: 919 daAuts
     D:8: 916 daAuts
     D:7: 914 daAuts
     D:5: 775 daAuts
  Temple: 312 daAuts
